| TOP OF THE 1ST |
|
Portland Sea Dogs batting - Pitching for Corpus Christi Hooks : RHP Salisbury Swanson
|
|
Pitching: RHP Salisbury Swanson
|
|
|
Batting: RHB Matt Hinkle
|
0-0: Ball 1-0: Ground out 3-1 (Groundball, 13, EV 86.9 MPH)
|
|
Batting: RHB John Chiesa
|
0-0: Ground out 5-3 (Groundball, 5L, EV 107.5 MPH)
|
|
Batting: LHB Noel Young
|
0-0: Swinging Strike 0-1: Ball 1-1: Called Strike 1-2: Ball 2-2: Ball 3-2: Strikes out swinging
|
| Top of the 1st over - 0 runs, 0 hits, 0 errors, 0 left on base; Portland 0 - Corpus Christi 0 |
| BOTTOM OF THE 1ST |
|
Corpus Christi Hooks batting - Pitching for Portland Sea Dogs : LHP Will Sledge
|
|
Pitching: LHP Will Sledge
|
|
|
Batting: RHB Masaru Konno
|
0-0: Ball 1-0: Called Strike 1-1: Ball 2-1: Ball 3-1: Called Strike 3-2: Strikes out swinging
|
|
Batting: RHB Sam Spohn
|
0-0: Ball 1-0: Ball 2-0: Ball 3-0: Base on Balls
|
|
Batting: RHB Elijah Hunter
|
0-0: Ball 1-0: Ground out 4-3 (Groundball, 6MS, EV 66.2 MPH) Sam Spohn to second
|
|
Batting: SHB Paskar Adegoke
|
0-0: Ball 1-0: DOUBLE (Line Drive, 89D, EV 111.2 MPH) Sam Spohn scores
|
|
Batting: LHB Bob Dietz
|
0-0: Ball 1-0: Swinging Strike 1-1: Ball 2-1: Foul Ball, location: 2F 2-2: Ground out U3 (Groundball, 34S, EV 86.2 MPH)
|
| Bottom of the 1st over - 1 run, 1 hit, 0 errors, 1 left on base; Portland 0 - Corpus Christi 1 |
| TOP OF THE 2ND |
|
Portland Sea Dogs batting - Pitching for Corpus Christi Hooks : RHP Salisbury Swanson
|
|
Batting: RHB Jose Diaz
|
0-0: Ball 1-0: SINGLE (Groundball, 6MS, EV 62.5 MPH) (infield hit)
|
|
Batting: RHB Tommy Boudreaux
|
0-0: Fielders Choice at 2nd, 5-4 (Groundball, 15, EV 82.5 MPH)
|
|
Batting: LHB Julian Toney
|
0-0: Ball 1-0: Ball 2-0: Ball 3-0: Called Strike 3-1: Foul Ball, location: 2F 3-2: Strikes out looking
|
|
Batting: RHB Carlos Nolasco
|
0-0: Ball 1-0: Ball 2-0: SINGLE (Groundball, 56D, EV 102.5 MPH) Tommy Boudreaux to second
|
|
Batting: RHB Adugna Chandu
|
0-0: Called Strike 0-1: Ball 1-1: SINGLE (Groundball, 56D, EV 110.6 MPH) Tommy Boudreaux to third Carlos Nolasco to second Runner from 3rd tries for Home, throw by LF and OUT! 7-2
|
| Top of the 2nd over - 0 runs, 3 hits, 0 errors, 2 left on base; Portland 0 - Corpus Christi 1 |
| BOTTOM OF THE 2ND |
|
Corpus Christi Hooks batting - Pitching for Portland Sea Dogs : LHP Will Sledge
|
|
Batting: RHB Workneh Lagat
|
0-0: Ball 1-0: Ball 2-0: Swinging Strike 2-1: Ball 3-1: Ground out 5-3 (Groundball, 56, EV 103.1 MPH)
|
|
Batting: RHB Jamie Jennings
|
0-0: Called Strike 0-1: Ball 1-1: Swinging Strike 1-2: Strikes out swinging
|
|
Batting: LHB Vinny Siebecker
|
0-0: Ground out 4-3 (Groundball, 4, EV 94.4 MPH)
|
| Bottom of the 2nd over - 0 runs, 0 hits, 0 errors, 0 left on base; Portland 0 - Corpus Christi 1 |
| TOP OF THE 3RD |
|
Portland Sea Dogs batting - Pitching for Corpus Christi Hooks : RHP Salisbury Swanson
|
|
Batting: RHB Nick Cottrell
|
0-0: Ball 1-0: Called Strike 1-1: DOUBLE (Line Drive, 9LS, EV 111.9 MPH)
|
|
Batting: RHB Matt Hinkle
|
0-0: Called Strike 0-1: Fly out, F5 (Popup, 5SF, EV 68.1 MPH)
|
|
Batting: RHB John Chiesa
|
0-0: Foul Ball, location: 2F 0-1: Called Strike 0-2: Strikes out swinging
|
|
Batting: LHB Noel Young
|
0-0: Called Strike 0-1: Ball 1-1: Ball 2-1: SINGLE (Groundball, 34D, EV 97.5 MPH) Nick Cottrell to third Runner from 3rd tries for Home, SAFE, throw by RF to home
|
|
Batting: RHB Jose Diaz
|
0-0: Called Strike 0-1: Ball 1-1: Ground out 6-3 (Groundball, 6S, EV 81.2 MPH)
|
| Top of the 3rd over - 1 run, 2 hits, 0 errors, 1 left on base; Portland 1 - Corpus Christi 1 |
| BOTTOM OF THE 3RD |
|
Corpus Christi Hooks batting - Pitching for Portland Sea Dogs : LHP Will Sledge
|
|
Batting: LHB Jimmy Edlin
|
0-0: Called Strike 0-1: Ball 1-1: Ball 2-1: Foul Ball, location: 2F 2-2: Ground out 6-3 (Groundball, 6, EV 85.0 MPH)
|
|
Batting: RHB Masaru Konno
|
0-0: Ball 1-0: Called Strike 1-1: SINGLE (Flyball, 3D, EV 86.2 MPH)
|
|
Batting: RHB Sam Spohn
|
0-0: Ball 1-0: Hit by Pitch Masaru Konno to second
|
|
Batting: RHB Elijah Hunter
|
0-0: Called Strike 0-1: Ball 1-1: Hit by Pitch Masaru Konno to third Sam Spohn to second
|
|
Batting: SHB Paskar Adegoke
|
0-0: Ball 1-0: SINGLE (Line Drive, 56D, EV 99.4 MPH) Masaru Konno scores Sam Spohn to third Elijah Hunter to second
|
|
Batting: LHB Bob Dietz
|
0-0: Ball 1-0: Ball 2-0: Fielders Choice at 2nd, 6-4 (Groundball, 6M, EV 90.0 MPH) Sam Spohn scores Elijah Hunter to third
|
|
Batting: RHB Workneh Lagat
|
0-0: SINGLE (Groundball, 6MD, EV 108.8 MPH) Elijah Hunter scores Bob Dietz to second Throwing error, E8 Bob Dietz scores Workneh Lagat to second
|
|
Batting: RHB Jamie Jennings
|
0-0: Ball 1-0: Ball Passed Ball! Workneh Lagat to third 2-0: Ball 3-0: Base on Balls
|
|
Pitching: RHP Lukasha Sheigus
|
|
|
Batting: LHB Vinny Siebecker
|
0-0: Ball 1-0: Swinging Strike 1-1: Swinging Strike 1-2: Ball 2-2: Strikes out swinging
|
| Bottom of the 3rd over - 4 runs, 3 hits, 1 error, 2 left on base; Portland 1 - Corpus Christi 5 |
| TOP OF THE 4TH |
|
Portland Sea Dogs batting - Pitching for Corpus Christi Hooks : RHP Salisbury Swanson
|
|
Batting: RHB Tommy Boudreaux
|
0-0: Called Strike 0-1: Called Strike 0-2: Ground out 5-3 (Groundball, 56S, EV 66.9 MPH)
|
|
Batting: LHB Julian Toney
|
0-0: Called Strike 0-1: Swinging Strike 0-2: Fly out, F8 (Flyball, 8LD, EV 93.1 MPH)
|
|
Batting: RHB Carlos Nolasco
|
0-0: Ball 1-0: Ball 2-0: Called Strike 2-1: Ball 3-1: Foul Ball, location: 2F 3-2: Foul Ball, location: 2F 3-2: Ground out 5-3 (Groundball, 56, EV 101.9 MPH)
|
| Top of the 4th over - 0 runs, 0 hits, 0 errors, 0 left on base; Portland 1 - Corpus Christi 5 |
| BOTTOM OF THE 4TH |
|
Corpus Christi Hooks batting - Pitching for Portland Sea Dogs : RHP Lukasha Sheigus
|
|
Batting: LHB Jimmy Edlin
|
0-0: Ball 1-0: Called Strike 1-1: Ball 2-1: Ball 3-1: Foul Ball, location: 2F 3-2: Strikes out swinging
|
|
Batting: RHB Masaru Konno
|
0-0: Called Strike 0-1: Ball 1-1: Ball 2-1: Ground out 6-3 (Groundball, 6S, EV 64.4 MPH)
|
|
Batting: RHB Sam Spohn
|
0-0: Called Strike 0-1: Ball 1-1: SINGLE (Groundball, 56D, EV 107.5 MPH)
|
|
Batting: RHB Elijah Hunter
|
0-0: Swinging Strike 0-1: Swinging Strike 0-2: Fly out, F5 (Line Drive, 5, EV 68.1 MPH)
|
| Bottom of the 4th over - 0 runs, 1 hit, 0 errors, 1 left on base; Portland 1 - Corpus Christi 5 |
| TOP OF THE 5TH |
|
Portland Sea Dogs batting - Pitching for Corpus Christi Hooks : RHP Salisbury Swanson
|
|
Batting: RHB Adugna Chandu
|
0-0: Ball 1-0: Called Strike 1-1: Ground out 6-3 (Groundball, 6, EV 88.8 MPH)
|
|
Batting: RHB Nick Cottrell
|
0-0: Called Strike 0-1: Ball 1-1: Called Strike 1-2: Fly out, F8 (Flyball, 8LXD, EV 103.1 MPH)
|
|
Batting: RHB Matt Hinkle
|
0-0: Ball 1-0: Called Strike 1-1: Swinging Strike 1-2: Foul Ball, location: 2F 1-2: Ball 2-2: Strikes out swinging
|
| Top of the 5th over - 0 runs, 0 hits, 0 errors, 0 left on base; Portland 1 - Corpus Christi 5 |
| BOTTOM OF THE 5TH |
|
Corpus Christi Hooks batting - Pitching for Portland Sea Dogs : RHP Lukasha Sheigus
|
|
Batting: SHB Paskar Adegoke
|
0-0: Ball 1-0: Ball 2-0: Ball 3-0: Called Strike 3-1: Base on Balls
|
|
Batting: LHB Bob Dietz
|
0-0: Ball 1-0: Called Strike 1-1: Ball 2-1: Fly out, F8 (Flyball, 8RD, EV 99.4 MPH)
|
|
Batting: RHB Workneh Lagat
|
0-0: Swinging Strike 0-1: Ball 1-1: Swinging Strike 1-2: Foul Ball, location: 2F 1-2: Foul Ball, location: 2F 1-2: Foul Ball, location: 2F 1-2: Ball 2-2: Ball 3-2: Strikes out looking
|
|
Batting: RHB Jamie Jennings
|
0-0: Ball 1-0: Ground out 4-3 (Groundball, 34, EV 106.9 MPH)
|
| Bottom of the 5th over - 0 runs, 0 hits, 0 errors, 1 left on base; Portland 1 - Corpus Christi 5 |
| TOP OF THE 6TH |
|
Portland Sea Dogs batting - Pitching for Corpus Christi Hooks : RHP Salisbury Swanson
|
|
Batting: RHB John Chiesa
|
0-0: Called Strike 0-1: Called Strike 0-2: Ball 1-2: Strikes out swinging
|
|
Batting: LHB Noel Young
|
0-0: Ball 1-0: Called Strike 1-1: Called Strike 1-2: Foul Ball, location: 2F 1-2: Foul Ball, location: 2F 1-2: Foul Ball, location: 2F 1-2: Foul Ball, location: 2F 1-2: Foul Ball, location: 2F 1-2: Ball 2-2: Ball 3-2: Ground out 4-3 (Groundball, 4, EV 93.8 MPH)
|
|
Batting: RHB Jose Diaz
|
0-0: Ball 1-0: Foul Ball, location: 2F 1-1: SINGLE (Flyball, 78S, EV 90.6 MPH)
|
|
Batting: RHB Tommy Boudreaux
|
0-0: Ball 1-0: Ball 2-0: DOUBLE (Line Drive, 8RXD, EV 100.6 MPH) Jose Diaz to third Runner from 3rd tries for Home, SAFE, throw by CF to home
|
|
Batting: LHB Julian Toney
|
0-0: Ball 1-0: Called Strike 1-1: Ball 2-1: Foul Ball, location: 2F 2-2: Ball 3-2: Base on Balls
|
|
Batting: RHB Carlos Nolasco
|
0-0: Called Strike 0-1: Ball 1-1: Called Strike 1-2: Ball 2-2: Foul Ball, location: 2F 2-2: Ball 3-2: Fly out, F8 (Flyball, 78M, EV 98.1 MPH)
|
| Top of the 6th over - 1 run, 2 hits, 0 errors, 2 left on base; Portland 2 - Corpus Christi 5 |
| BOTTOM OF THE 6TH |
|
Corpus Christi Hooks batting - Pitching for Portland Sea Dogs : RHP Lukasha Sheigus
|
|
Batting: LHB Vinny Siebecker
|
0-0: Called Strike 0-1: Foul Ball, location: 2F 0-2: Foul Ball, location: 2F 0-2: Foul Ball, location: 2F 0-2: Strikes out looking
|
|
Batting: LHB Jimmy Edlin
|
0-0: Ball 1-0: Ball 2-0: Called Strike 2-1: Foul Ball, location: 2F 2-2: Strikes out swinging
|
|
Pitching: RHP Elliot Monroe
|
|
|
Batting: RHB Masaru Konno
|
0-0: Ball 1-0: Foul Ball, location: 2F 1-1: Swinging Strike 1-2: Strikes out looking
|
| Bottom of the 6th over - 0 runs, 0 hits, 0 errors, 0 left on base; Portland 2 - Corpus Christi 5 |
| TOP OF THE 7TH |
|
Portland Sea Dogs batting - Pitching for Corpus Christi Hooks : RHP Salisbury Swanson
|
|
Pitching: RHP Tim Watson
|
|
|
Batting: RHB Adugna Chandu
|
0-0: Called Strike 0-1: Foul Ball, location: 2F 0-2: Fly out, F7 (Flyball, 7, EV 84.4 MPH)
|
|
Batting: RHB Nick Cottrell
|
0-0: Ball 1-0: Foul Ball, location: 2F 1-1: SINGLE (Groundball, 56D, EV 106.9 MPH)
|
|
Batting: RHB Matt Hinkle
|
0-0: Ball 1-0: Called Strike Nick Cottrell is caught stealing 2nd base 2-4 1-1: Called Strike 1-2: SINGLE (Line Drive, 56, EV 96.2 MPH)
|
|
Batting: RHB John Chiesa
|
Pickoff Play to 1st, Runner tries for 2nd, OUT after rundown.
|
| Top of the 7th over - 0 runs, 2 hits, 0 errors, 0 left on base; Portland 2 - Corpus Christi 5 |
| BOTTOM OF THE 7TH |
|
Corpus Christi Hooks batting - Pitching for Portland Sea Dogs : RHP Elliot Monroe
|
|
Batting: RHB Sam Spohn
|
0-0: Called Strike 0-1: Swinging Strike 0-2: Foul Ball, location: 2F 0-2: Ball 1-2: Strikes out looking
|
|
Batting: RHB Elijah Hunter
|
0-0: Ball 1-0: Ball 2-0: Foul Ball, location: 2F 2-1: Fly out, F7 (Flyball, 7, EV 80.0 MPH)
|
|
Batting: SHB Paskar Adegoke
|
0-0: Called Strike 0-1: Ball 1-1: Ball 2-1: Foul Ball, location: 2F 2-2: Ball 3-2: SINGLE (Line Drive, 34D, EV 105.6 MPH)
|
|
Batting: LHB Bob Dietz
|
0-0: Foul Ball, location: 2F 0-1: Ball 1-1: Called Strike 1-2: Ground out 4-3 (Groundball, 4, EV 87.5 MPH)
|
| Bottom of the 7th over - 0 runs, 1 hit, 0 errors, 1 left on base; Portland 2 - Corpus Christi 5 |
| TOP OF THE 8TH |
|
Portland Sea Dogs batting - Pitching for Corpus Christi Hooks : RHP Tim Watson
|
|
Batting: RHB John Chiesa
|
0-0: Ball 1-0: Called Strike 1-1: Ball 2-1: Ball 3-1: SINGLE (Groundball, 6MD, EV 100.0 MPH)
|
|
Batting: LHB Noel Young
|
0-0: Foul Ball, location: 2F 0-1: Swinging Strike 0-2: Ball 1-2: Strikes out swinging
|
|
Batting: RHB Jose Diaz
|
0-0: Ball 1-0: Called Strike 1-1: Ball 2-1: Foul Ball, location: 2F 2-2: Strikes out looking
|
|
Batting: RHB Tommy Boudreaux
|
0-0: Ball 1-0: Ground out 4-3 (Groundball, 4M, EV 93.8 MPH)
|
| Top of the 8th over - 0 runs, 1 hit, 0 errors, 1 left on base; Portland 2 - Corpus Christi 5 |
| BOTTOM OF THE 8TH |
|
Corpus Christi Hooks batting - Pitching for Portland Sea Dogs : RHP Elliot Monroe
|
|
Batting: RHB Workneh Lagat
|
0-0: Ball 1-0: Called Strike 1-1: Called Strike 1-2: Ball 2-2: SINGLE (Groundball, 25, EV 65.6 MPH) (infield hit)
|
|
Batting: RHB Jamie Jennings
|
0-0: Bunt missed! 0-1: Bunt missed! 0-2: Ball 1-2: Ball 2-2: Foul Ball, location: 2F 2-2: Ball 3-2: Ground out 5-3 (Groundball, 56S, EV 68.8 MPH) Workneh Lagat to second
|
|
Batting: LHB Vinny Siebecker
|
0-0: Ball 1-0: SINGLE (Groundball, 6D, EV 94.4 MPH) Workneh Lagat to third Runner from 3rd tries for Home, SAFE, throw by CF to home
|
|
Batting: LHB Jimmy Edlin
|
0-0: Ball 1-0: Swinging Strike 1-1: Ball 2-1: Fly out, F9 (Flyball, 9S, EV 81.9 MPH)
|
|
Batting: RHB Masaru Konno
|
0-0: Ball 1-0: Ball 2-0: Fly out, F9 (Flyball, 9LM, EV 84.4 MPH)
|
| Bottom of the 8th over - 1 run, 2 hits, 0 errors, 1 left on base; Portland 2 - Corpus Christi 6 |
| TOP OF THE 9TH |
|
Portland Sea Dogs batting - Pitching for Corpus Christi Hooks : RHP Tim Watson
|
|
Pitching: RHP Alex Salinas
|
|
|
Batting: LHB Julian Toney
|
0-0: DOUBLE (Line Drive, 5D, EV 97.5 MPH)
|
|
Batting: RHB Carlos Nolasco
|
0-0: SINGLE (Flyball, 8RS, EV 90.6 MPH) Julian Toney to third
|
|
Batting: RHB Adugna Chandu
|
0-0: Ball 1-0: Called Strike 1-1: Grounds into double play, 6-4-3 (Groundball, 6, EV 83.1 MPH) Julian Toney scores
|
|
Batting: RHB Nick Cottrell
|
0-0: Ball 1-0: Ball 2-0: Ball 3-0: Base on Balls
|
|
Batting: RHB Matt Hinkle
|
0-0: Ball 1-0: Called Strike 1-1: Ball 2-1: SINGLE (Groundball, 25, EV 66.2 MPH) (infield hit) Nick Cottrell to second
|
|
Batting: RHB John Chiesa
|
0-0: Ball 1-0: Ball 2-0: Ball 3-0: Base on Balls Nick Cottrell to third Matt Hinkle to second
|
|
Batting: LHB Noel Young
|
0-0: Called Strike 0-1: Foul Ball, location: 2F 0-2: Ball 1-2: Ball 2-2: Ball 3-2: Ground out 4-3 (Groundball, 4M, EV 95.6 MPH)
|
| Top of the 9th over - 1 run, 3 hits, 0 errors, 3 left on base; Portland 3 - Corpus Christi 6 |
|